 Dungeon Crawl Stone Soup version 0.25-b1-37-g2669288c55 (webtiles) character file.

Game seed: 15916366887311110106

214 Descartes the Shield-Bearer (level 6, -12/47 HPs)
             Began as a Formicid Fighter on June 5, 2020.
             Mangled by an ogre
             ... wielding a +0 giant club
              (21 damage)
             ... on level 2 of the Dungeon.
             The game lasted 00:08:27 (3288 turns).

Descartes the Shield-Bearer (Formicid Fighter)      Turns: 3288, Time: 00:08:28

Health: -12/47     AC:  9    Str: 21    XL:     6   Next: 15%
Magic:  6/6        EV:  7    Int:  9    God:
Gold:   80         SH: 11    Dex: 10    Spells: 5/5 levels left

rFire    + . .     SeeInvis +   a - +0 long sword
rCold    . . .     Gourm    .   c - +0 kite shield
rNeg     . . .     Faith    .   w - +0 chain mail
rPois    .         Spirit   .   (helmet unavailable)
rElec    .         Reflect  .   (no cloak)
rCorr    .         Harm     .   (no gloves)
MR       .....                  (no boots)
Stlth    ..........             g - amulet of the acrobat
HPRegen  0.15/turn              n - ring of stealth
MPRegen  0.10/turn              s - ring of protection from fire

@: no status effects
A: permanent stasis, dig shafts and tunnels, four strong arms, antennae 3
a: Dig, Shaft Self


You were on level 2 of the Dungeon.
You were not hungry.

You visited 1 branch of the dungeon, and saw 4 of its levels.

You collected 80 gold pieces.

Inventory:

Hand Weapons
 a - a +0 long sword (weapon)
 v - a +0 whip of electrocution
 E - a +0 vorpal war axe
Missiles
 h - 2 boomerangs
 i - 42 sling bullets
 l - 38 arrows
 o - 136 stones (quivered)
 q - 50 bolts
Armour
 b - a +0 scale mail
 c - a +0 kite shield (worn)
 w - a +0 chain mail (worn)
Jewellery
 g - an amulet of the acrobat (around neck)
 n - a ring of stealth (left hand)
 s - a ring of protection from fire (right hand)
 y - an uncursed ring of resist corrosion
 z - an uncursed amulet of reflection {unknown}
Wands
 D - a wand of flame (24)
Scrolls
 m - a scroll of amnesia {unknown}
 p - a scroll of identify {unknown}
 r - 2 scrolls of teleportation {unknown}
 x - a scroll of random uselessness {unknown}
 B - a scroll of magic mapping {unknown}
 C - a scroll of fear {unknown}
Potions
 d - a potion of might
 e - 2 potions of stabbing {unknown}
 j - 2 potions of magic {unknown}
 k - a potion of haste {unknown}
 t - a potion of curing {unknown}
 A - 2 potions of flight {unknown}
Comestibles
 f - 5 rations


   Skills:
 - Level 3.2 Fighting
 - Level 2.0 Long Blades
 - Level 3.2 Armour
 + Level 7.7 Shields


You had 5 spell levels left.
You didn't know any spells.
Your spell library was empty.

Dungeon Overview and Level Annotations

Branches:
Dungeon (4/15)
 Temple: D:4-7

Altars:
Fedhas
Makhleb
Trog

Shops:
D:4 [}


Innate Abilities, Weirdness & Mutations

You cannot be hasted, slowed, berserked, paralysed or teleported.
You can dig through walls and to a lower floor.
Your four strong arms can wield two-handed weapons with a shield.
You have a pair of large antennae on your head. (SInv)


Message History

You block the ogre's attack.
You hit the ogre but do no damage.
The ogre is moderately wounded.
The ogre hits you with a +0 giant club!
You hit the ogre but do no damage.
The ogre is moderately wounded.
The ogre closely misses you.
You barely miss the ogre.
The ogre is moderately wounded.
You block the ogre's attack.
You hit the ogre.
The ogre is moderately wounded.
The ogre hits you with a +0 giant club!
* * * LOW HITPOINT WARNING * * *
You extend your mandibles.
You're too hungry.
Unknown command.
You eat one of the 6 rations.
That ration really hit the spot!
The ogre hits you with a +0 giant club!!
You die...

#.# #.#.# #.# #.# #....# #.#
#...# #.# #.# ####.# ########.#
#..## #.# #.# #.#
........######≈§###.# #.# #.#
####.#####⌠#⌠##≈....# #.# #.# #
#.# #≈≈§≈≈#≈##### #.# #.# #
#.####≈...≈#§# #.# #.# #
#..##⌠≈...§#≈#######.# #.# #
##.###≈._§.§§@#...##.######.# #
#.##§§.§.§#§O§.#...........#
#####.###§...§#§.....##.######.#
..÷....##≈≈≈§§#≈######### #.#
#####.####⌠#⌠##≈# #.# # #.#
#####≈≈# #.# ### #.#
#.################ ##.# ..# #.#
#................###..# #.# #.#
################.##.#.##


You could see an ogre.

Vanquished Creatures
  A bullfrog (D:3)
  An orc priest (D:4)
  2 gnolls
  2 adders
  An ooze (D:3)
  2 worms (D:3)
  2 dart slugs (D:2)
  2 leopard geckos (D:2)
  7 orcs
  A ball python (D:3)
  7 giant cockroaches
  5 goblins
  9 hobgoblins
  2 jackals (D:1)
  3 kobolds
  3 quokkas
  8 bats
  2 frilled lizards
  7 rats
67 creatures vanquished.

Notes
Turn   | Place    | Note
-------+----------+-------------------------------------------
     0 | D:1      | Descartes the Formicid Fighter began the quest for the Orb.
     0 | D:1      | Reached XP level 1. HP: 18/18 MP: 1/1
    70 | D:1      | Reached skill level 4 in Shields
   199 | D:1      | Reached XP level 2. HP: 20/24 MP: 2/2
   711 | D:2      | Reached XP level 3. HP: 26/29 MP: 3/3
   829 | D:2      | Reached skill level 5 in Shields
  1041 | D:2      | Found a bloodstained altar of Trog.
  1261 | D:2      | Reached XP level 4. HP: 35/35 MP: 4/4
  1297 | D:2      | Found a blossoming altar of Fedhas.
  1540 | D:3      | Reached skill level 6 in Shields
  1564 | D:3      | Found a burning altar of Makhleb.
  1800 | D:3      | Reached XP level 5. HP: 40/41 MP: 5/5
  2157 | D:3      | Noticed a bullfrog
  2166 | D:3      | Killed a bullfrog
  2166 | D:3      | Reached skill level 7 in Shields
  2517 | D:4      | Found Cifur's Antique Armour Emporium.
  2528 | D:4      | Reached XP level 6. HP: 35/47 MP: 6/6
  2712 | D:4      | Found Hufiotze's Gadget Shoppe.
  2712 | D:4      | Noticed an ogre
  2721 | D:4      | HP: 2/47 [ogre/+0 giant club (11)]
  3288 | D:2      | Mangled by an ogre

Illustrated notes

Levels and vault maps discovered:
D:1:      heliophobic_arrival_battle_scene, layout_rooms
D:2:      layout_loops_ring, lightli_temple_of_fire, first_ration,
          fedhas_altar_4
D:3:      minmay_general_purpose_star, layout_loops_ring, lemuel_round_altar,
          minivault_23
D:4:      layout_loops_ring, elyvilon_altar_3, serial_shops,
          kennysheep_mini_moat, shop, nicolae_shop_statue_plus, led_sif_book,
          uniq_duvessa

Skill      XL: |  1  2  3  4  5 |
---------------+----------------+-----
Shields        | 4 5 6 7 |  7.7
Fighting       | |  3.2
Long Blades    | |  2.0
Armour         | |  3.2

Action                   |  1- 3 |  4- 6 || total
-------------------------+-------+-------++-------
Melee: Long sword        |    91 |   140 ||   231
 Abil: Dig               |       |     2 ||     2
  Eat: Chunk             |     1 |     5 ||     6
       Ration            |       |     1 ||     1
Armor: Scale mail        |    39 |     9 ||    48
       Chain mail        |       |    31 ||    31
Dodge: Dodged            |    38 |    37 ||    75
Block: Kite shield       |    59 |    70 ||   129
       Rpst.: Long sword |    12 |     9 ||    21
